 Dungeon Crawl Stone Soup version 0.26-a0-652-gafc20e3620 (webtiles) character file.

Game seed: 7420552433205967258

2433 reriks the Shield-Bearer (level 9, -1/72 HPs)
             Began as a Formicid Fighter on Oct 2, 2020.
             Was a Priest of Cheibriados.
             Slain by an orc warrior
             ... wielding a +0 flail
              (8 damage)
             ... on level 6 of the Dungeon.
             The game lasted 00:11:43 (6380 turns).

reriks the Shield-Bearer (Formicid Fighter)         Turns: 6380, Time: 00:11:44

Health: -1/72      AC: 15    Str: 29    XL:     9   Next: 77%
Magic:  11/11      EV:  9    Int: 19    God:    Cheibriados [***...]
Gold:   365        SH: 13    Dex: 20    Spells: 8/8 levels left

rFire    + . .     SeeInvis +   a - +0 war axe
rCold    . . .     Faith    .   c - +0 kite shield
rNeg     . . .     Spirit   .   d - +3 scale mail
rPois    +         Reflect  .   (helmet unavailable)
rElec    .         Harm     .   C - +2 cloak
rCorr    .         Rampage  .   z - +0 pair of gloves
MR       .....                  (no boots)
Stlth    ..........             (no amulet)
HPRegen  0.22/turn              m - ring of protection from fire
MPRegen  0.12/turn              w - ring of attention (curse)

@: very slow
A: permanent stasis, dig shafts and tunnels, four strong arms, antennae 3, agile
1, low mp 1, poison resistance
a: Dig, Shaft Self, Bend Time, Temporal Distortion, Renounce Religion


You were on level 6 of the Dungeon.
You worshipped Cheibriados.
Cheibriados was most pleased with you.
You visited 1 branch of the dungeon, and saw 7 of its levels.

You collected 365 gold pieces.

Inventory:

Hand Weapons
 a - a +0 war axe (weapon)
 f - a +0 dagger
Armour
 b - a +0 scale mail
 c - a +0 kite shield (worn)
 d - a +3 scale mail (worn)
 k - a +1 helmet
 z - a +0 pair of gloves (worn)
 C - a +2 cloak (worn)
Magical Staves
 t - an uncursed staff of air {unknown}
Jewellery
 m - a ring of protection from fire (left hand)
 w - a cursed ring of attention (right hand)
 F - an uncursed ring of stealth {unknown}
 I - an uncursed ring of wizardry {unknown}
Wands
 y - a wand of enslavement (10)
 B - a wand of iceblast (4)
 E - a wand of paralysis (6)
Scrolls
 e - a scroll of blinking {unknown}
 g - 2 scrolls of identify
 h - 2 scrolls of enchant armour
 i - 9 scrolls of teleportation
 j - 3 scrolls of amnesia
 l - 2 scrolls of fog {unknown}
 n - 3 scrolls of fear {unknown}
 q - a scroll of remove curse {unknown}
 v - a scroll of immolation {unknown}
 A - a scroll of magic mapping {unknown}
 G - a scroll of enchant weapon {unknown}
 H - a scroll of noise {unknown}
Potions
 o - 2 potions of heal wounds
 p - 2 potions of stabbing
 r - 3 potions of brilliance
 s - 3 potions of haste
 u - 2 potions of curing
 x - a potion of might
 D - a potion of lignification {unknown}


   Skills:
 + Level 7.2 Fighting
 + Level 6.1 Axes
 + Level 7.2 Armour
 + Level 7.9 Shields
 + Level 4.9 Invocations


You had 8 spell levels left.
You didn't know any spells.
Your spell library contained the following spells:

 Spells                   Type           Power        Failure   Level
 Corona                   Hex            #......      45%         1
 Slow                     Hex            #.......     58%         2
 Inner Flame              Hex/Fire       #.......     83%         3
 Portal Projectile        Hex/Tloc       #.....       83%         3
 Cause Fear               Hex            #.........   99%         4
 Leda's Liquefaction      Hex/Erth       #.........   99%         4


Dungeon Overview and Level Annotations

Branches:
Dungeon (7/15)             Temple (0/1) D:6

Altars:
Cheibriados
Dithmenos
Gozag
Kikubaaqudgha
Okawaru
Qazlal
Ru
Sif Muna
Wu Jian
Xom
Zin

Annotations:
D:5 3 runed translucent doors, Wiggles's ghost, novice MiBe; Zdeegee's ghost, novice DsFE


Innate Abilities, Weirdness & Mutations

You cannot be hasted, slowed, berserked, paralysed or teleported.
You can dig through walls and to a lower floor.
Your four strong arms can wield two-handed weapons with a shield.
You have a pair of large antennae on your head. (SInv)
You are agile. (Dex +2)
Your magical capacity is low. (-10% MP)
Your system is resistant to poisons. (rPois)


Message History

You block the orc's attack.
You slash the orc!
You kill the orc!
Cheibriados thoroughly appreciates the change of pace.
You barely miss the orc warrior. The orc warrior closely misses you.
You hit the orc warrior.
The orc warrior is lightly wounded.
You block the orc warrior's attack.
You closely miss the orc warrior.
The orc warrior is lightly wounded.
The orc warrior hits you with a +0 flail!
* * * LOW HITPOINT WARNING * * *
You closely miss the orc warrior.
The orc warrior is lightly wounded.
The orc warrior hits you with a +0 flail!
* * * LOW HITPOINT WARNING * * *
You closely miss the orc warrior.
The orc warrior is lightly wounded.
The orc warrior hits you with a +0 flail!
You die...

......# ############## ......#
#.......<....# #####.#
#.##########.# # #.###.#####
#.# # #.........# #.# #
#...#.#...# #.########## #
#..#.#.#..######.#........###
#.#.#.#.#...o................
##..#.>.#....@)...#.#####..###
#..#.#.#.#..####.##># #.....
#...#.#.#......#.##.# #.....
#....#.#.......#.##.### #..###
####.....................# #..#
........#..##.....#.##.#.# #..#
# ####..#.#...#........#.#.#
#..# #
...#.....................# #..#
#
##.#.#).....###.##...#.#.###..#
#


You could see an orc warrior.

Vanquished Creatures
  Grinder (D:3)
  Duvessa (D:5)
  A sky beast (D:5)
  A phantom (D:3)
  2 orc warriors (D:6)
  A necrophage (D:5)
  2 ogres
  A bullfrog (D:6)
  Dowan (D:5)
  A scorpion (D:5)
  4 wights (D:6)
  2 howler monkeys
  4 crimson imps
  A bullfrog zombie (D:5)
  3 hounds
  A jelly (D:5)
  2 orc priests (D:4)
  A bullfrog skeleton (D:4)
  A centaur skeleton (D:5)
  Crazy Yiuf (D:5)
  Jessica (D:3)
  Ijyb (D:3)
  Terence (D:3)
  8 orc wizards
  3 worker ants
  A hound zombie (D:6)
  2 hound skeletons
  A howler monkey zombie (D:5)
  A worker ant zombie (D:6)
  8 adders
  A white imp (D:5)
  2 ufetubi
  An ooze (D:5)
  4 worms
  4 dart slugs
  3 leopard geckos
  22 orcs
  2 ball pythons
  4 giant cockroaches
  13 goblins
  2 hobgoblins
  7 jackals
  2 quokkas
  7 bats
  7 frilled lizards
  A jackal zombie (D:6)
  5 kobolds
  A quokka skeleton (D:6)
  A quokka zombie (D:5)
  9 rats
157 creatures vanquished.

Vanquished Creatures (others)
  6 withered plants (D:5)
6 creatures vanquished.

Grand Total: 163 creatures vanquished

Notes
Turn   | Place    | Note
-------+----------+-------------------------------------------
     0 | D:1      | reriks the Formicid Fighter began the quest for the Orb.
     0 | D:1      | Reached XP level 1. HP: 18/18 MP: 1/1
    99 | D:1      | Reached XP level 2. HP: 24/24 MP: 2/2
   282 | D:1      | Reached XP level 3. HP: 26/29 MP: 3/3
   916 | D:2      | Found a faded altar of an unknown god.
   920 | D:2      | Reached XP level 4. HP: 35/37 MP: 4/4
  1147 | D:2      | Found a stormy altar of Qazlal.
  1444 | D:3      | Found a shimmering blue altar of Sif Muna.
  1446 | D:3      | Found an iron altar of Okawaru.
  1448 | D:3      | Found an ancient bone altar of Kikubaaqudgha.
  1448 | D:3      | Found an opulent altar of Gozag.
  1450 | D:3      | Found a snail-covered altar of Cheibriados.
  1450 | D:3      | Found a shadowy altar of Dithmenos.
  1451 | D:3      | Found an ornate altar of the Wu Jian Council.
  1461 | D:3      | Became a worshipper of Cheibriados the Contemplative
  1479 | D:3      | Noticed Terence
  1489 | D:3      | Killed Terence
  1489 | D:3      | Reached XP level 5. HP: 5/42 MP: 5/5
  2051 | D:3      | Noticed Jessica
  2068 | D:3      | Killed Jessica
  2403 | D:3      | Found a sacrificial altar of Ru.
  2408 | D:3      | Reached XP level 6. HP: 49/49 MP: 6/6
  2411 | D:3      | Reached * piety under Cheibriados
  2633 | D:3      | Noticed Ijyb
  2644 | D:3      | Killed Ijyb
  2644 | D:3      | Reached skill level 5 in Shields
  2664 | D:3      | Noticed Grinder
  2687 | D:3      | Killed Grinder
  2687 | D:3      | Reached skill level 5 in Fighting
  2687 | D:3      | Reached skill level 5 in Armour
  2687 | D:3      | Reached XP level 7. HP: 15/56 MP: 7/7
  3360 | D:4      | Gained mutation: Your magical capacity is low. (-10% MP)
                  | [potion of mutation]
  3360 | D:4      | Gained mutation: You are agile. (Dex +2) [potion of
                  | mutation]
  3360 | D:4      | Gained mutation: Your system is resistant to poisons.
                  | (rPois) [potion of mutation]
  3680 | D:5      | Entered Level 5 of the Dungeon
  3681 | D:5      | Reached skill level 1 in Invocations
  3681 | D:5      | Reached XP level 8. HP: 46/63 MP: 7/7
  3903 | D:5      | Reached ** piety under Cheibriados
  4277 | D:4      | Reached skill level 5 in Axes
  4384 | D:4      | Found a shimmering altar of Xom.
  4624 | D:5      | Reached XP level 9. HP: 70/70 MP: 6/10
  4874 | D:5      | Found a runed translucent gate.
  4876 | D:5      | Found a runed translucent gate.
  4877 | D:5      | Found a runed translucent gate.
  4885 | D:5      | Noticed Wiggles's ghost (novice MiBe)
  4885 | D:5      | Noticed Zdeegee's ghost (novice DsFE)
  4932 | D:5      | Noticed Duvessa
  4932 | D:5      | Noticed Dowan
  4944 | D:5      | Killed Duvessa
  4957 | D:5      | Killed Dowan
  4957 | D:5      | Reached *** piety under Cheibriados
  4997 | D:5      | Found a runed translucent door.
  4998 | D:5      | Noticed Crazy Yiuf
  5442 | D:5      | Killed Crazy Yiuf
  5776 | D:6      | Found a staircase to the Ecumenical Temple.
  5962 | D:6      | Found a glowing silver altar of Zin.
  6380 | D:6      | Slain by an orc warrior

Illustrated notes

Levels and vault maps discovered:
D:1:      scummos_arrival_star, layout_rooms, due_unseen_surprise
D:2:      layout_basic, nicolae_overflow_crystal_walls,
          chequers_ecumenical_altar_simple_redux
D:3:      layout_loops_corners, grunt_temple_overflow_open,
          hangedman_ru_absence, uniq_ijyb, uniq_grinder, uniq_terence,
          uniq_jessica
D:4:      layout_cave_pools, led_xom_imps, minmay_misc_feat_x
D:5:      layout_loops_ring, gammafunk_ghost_cemetery, minivault_25,
          uniq_duvessa, uniq_crazy_yiuf_cottage
D:6:      layout_loops_ring, zin_statuary, minmay_temple_entry_grid,
          serial_park_tiny_pond
D:7:      minmay_spotlight, layout_gridville

Skill      XL: |  1  2  3  4  5  6  7  8  9 |
---------------+----------------------------+-----
Shields        | 4 5 6 7 |  7.9
Fighting       | 4 5 6 7 |  7.2
Armour         | 4 5 6 7 |  7.2
Axes           | 3 4 5 6 |  6.1
Invocations    | 1 3 4 |  4.9

Action                   |  1- 3 |  4- 6 |  7- 9 || total
-------------------------+-------+-------+-------++-------
Melee: War axe           |   104 |   158 |   351 ||   613
Invok: Bend Time         |       |       |     2 ||     2
 Abil: Dig               |     1 |       |       ||     1
  Use: Potion            |       |     1 |     1 ||     2
       Scroll            |       |     8 |     1 ||     9
 Stab: Invisible         |       |       |     1 ||     1
Armor: Scale mail        |    36 |    77 |   122 ||   235
Dodge: Dodged            |    25 |    67 |   115 ||   207
Block: Kite shield       |    54 |    86 |   199 ||   339

Table legend: (Time is in decaauts)
 A = Elapsed time spent in this place.
 B = Non-inter-level travel time spent in this place.
 C = Inter-level travel time spent in this place.
 D = Time resting spent in this place.
 E = Time spent auto-exploring this place.
 F = Levels seen in this place.
 G = Mean time per level.
                   A        B        C        D        E       F      G
               +--------+--------+--------+--------+--------+-----+--------+
         Total |   7951 |   7438 |    513 |   1754 |   4029 |   7 | 1135.9 |
       Dungeon |   7951 |   7438 |    513 |   1754 |   4029 |   7 | 1135.9 |
               +--------+--------+--------+--------+--------+-----+--------+

Top non-repeatable levels by time:
     D:3: 2446 daAuts
     D:5: 1826 daAuts
     D:6: 1219 daAuts
     D:4: 915 daAuts
     D:2: 866 daAuts
     D:1: 611 daAuts
     D:7: 66 daAuts
